 Dungeon Crawl Stone Soup version 0.30.1-4-g462c640d31 (webtiles) character file.

Game seed: 15677062389433948864

3978 lonewolfV2 the Grappler (level 10, -1/92 HPs)
             Began as a Troll Gladiator on Sept 11, 2023.
             Was a Believer of Qazlal.
             Slain by a killer bee (3 damage)
             ... while paralysed by a hornet
             ... on level 8 of the Dungeon.
             The game lasted 00:13:45 (6412 turns).

lonewolfV2 the Grappler (Troll Gladiator)           Turns: 6412, Time: 00:13:46

Health: -1/92      AC:  7    Str: 24    XL:     10   Next: 2%
Magic:  16/18      EV:  1    Int:  4    God:    Qazlal [**....]
Gold:   435        SH:  0    Dex: 15    Spells: 9/9 levels left

rFire   + .          .
                       - Unarmed
rCold   . . .        (no shield)
rNeg    . . .        r - +2 robe "Juzuirch" {rElec rF+ rCorr}
rPois   .            b - +1 hat
rElec   +            (no cloak)
rCorr   +            (gloves unavailable)
SInv    .            (boots unavailable)
Will    .....        q - amulet of regeneration
Stlth   ++           w - ring of magical power
HPRegen 1.95/turn    (no ring)
MPRegen 0.16/turn

%: no passive effects
@: paralysed, lethally poisoned (-1 -> -3), slowed
A: large, unfitting armour, claws 3, regeneration 1, shaggy fur 1, tough skin 1
a: Renounce Religion, Upheaval


You were on level 8 of the Dungeon.
You worshipped Qazlal.
Qazlal was pleased with you.
You visited 2 branches of the dungeon, and saw 9 of its levels.

You collected 435 gold pieces.

Inventory:

Missiles
 c - 3 throwing nets (quivered)
 d - a large rock
Armour
 a - a +0 robe
 b - a +1 hat (worn)
 r - the +2 robe "Juzuirch" (worn) {rElec rF+ rCorr}
   (You took it off a kobold on level 6 of the Dungeon)

   rF:        It protects you from fire.
   rElec:     It insulates you from electricity.
   rCorr:     It protects you from acid and corrosion.
Jewellery
 q - an amulet of regeneration (around neck)
 w - a ring of magical power (left claw)
Wands
 i - a wand of charming (27)
 j - a wand of acid (8)
 o - a wand of digging (2)
Scrolls
 p - a scroll of fear
 s - 2 scrolls of fog
 t - a scroll of enchant armour
 u - a scroll of amnesia
 v - a scroll of magic mapping
 y - a scroll of butterflies
Potions
 e - 3 potions of brilliance
 f - a potion of mutation
 g - a potion of heal wounds
 h - 3 potions of lignification
 k - 2 potions of might
 l - a potion of degeneration
 m - a potion of ambrosia
 n - 2 potions of curing


   Skills:
 + Level 3.8 Fighting
 + Level 2.0 Throwing
 + Level 6.4 Dodging
 + Level 2.4 Stealth
 + Level 1.6 Shields
 + Level 11.1 Unarmed Combat
 + Level 0.8 Invocations


You had 9 spell levels left.
You didn't know any spells.
Your spell library contained the following spells:

 Spells                   Type           Power      Damage    Failure   Level
 Freeze                   Ice            0%         1d3       50%         1
 Magic Dart               Conj           0%         1d3       50%         1
 Blink                    Tloc           0%         N/A       65%         2
 Call Imp                 Summ           0%         N/A       65%         2
 Lesser Beckoning         Tloc           0%         N/A       65%         2
 Momentum Strike          Conj/Tloc      0%         3d8       65%         2
 Dazzling Flash           Conj/Hex       0%         N/A       86%         3
 Frozen Ramparts          Ice            0%         1d1       86%         3
 Hailstorm                Conj/Ice       0%         3d3       86%         3
 Mephitic Cloud           Conj/Pois/Air  0%         N/A       86%         3
 Stone Arrow              Conj/Erth      0%         3d7       86%         3
 Volatile Blastmotes      Fire/Tloc      0%         2d10      86%         3
 Animate Armour           Summ/Erth      0%         N/A       99%         4
 Iskenderun's Mystic Bla  Conj/Tloc      0%         2d3       99%         4
 Manifold Assault         Tloc           0%         N/A       99%         4
 Starburst                Conj/Fire      0%         6d3       100%        6
 Storm Form               Tmut/Air       0%         N/A       100%        7
 Lehudib's Crystal Spear  Conj/Erth      0%         10d2      100%        8


Dungeon Overview and Level Annotations

Branches:
Dungeon (8/15)             Temple (1/1) D:4
   Lair: D:8-11

Altars:
Ashenzari
Cheibriados
Dithmenos
Fedhas
Gozag
Kikubaaqudgha
Makhleb
Nemelex Xobeh
Okawaru
Qazlal
Ru
Sif Muna
Trog
Uskayaw
Vehumet
Wu Jian
Xom
Yredelemnul
Zin
The Shining One

Shops:
D:2 **   D:3 *


Innate Abilities, Weirdness & Mutations

You are too large for most types of armour.
You have claws for hands.
Your natural rate of healing is unusually fast.
You are covered in fur. (AC +1)
You have tough skin. (AC +1)


Message History

The killer bee stings you but does no damage.
The hornet is engulfed in freezing vapours.
The hornet barely misses you.
You mangle the killer bee!!
You kill the killer bee!
Qazlal accepts your kill.
You feel yourself speed up.
You feel very sick.
The killer bee stings you but does no damage.
The hornet is engulfed in freezing vapours.
The hornet stings you!
* * * LOW HITPOINT WARNING * * *
You feel yourself slow down. The killer bee stings you.
* * * LOW HITPOINT WARNING * * *
The killer bee stings you.
* * * LOW HITPOINT WARNING * * *
You are more poisoned.
The killer bee poisons you!
You feel much better.
You feel yourself speed up.
You feel extremely sick. The killer bee barely misses you.
The killer bee stings you.
* * * LOW HITPOINT WARNING * * *
The hornet is engulfed in freezing vapours.
The hornet closely misses you. You block the killer bee's attack.
The killer bee barely misses you.
The hornet is engulfed in freezing vapours.
The hornet stings you.
* * * LOW HITPOINT WARNING * * *
You feel yourself slow down. The killer bee misses you.
The killer bee stings you.
* * * LOW HITPOINT WARNING * * *
The hornet is engulfed in freezing vapours.
The hornet stings you!
* * * LOW HITPOINT WARNING * * *
You suddenly lose the ability to move!
* * * LOW HITPOINT WARNING * * *
You feel very sick. The killer bee stings you.
You die...

#..#....)#..#####
#.......))......#
#.##.....#..###.#
#.##....[#..# #.#
#.###.##<#..# #.#
#.###.##.#..###.#
#............##.#
##..y.y..###.##.##
#.##@##.........#
#.##y##.........#
#.##.##.###.###.#####
#.##†#. #.# #......
#.#.#.# #.# #######
#..#.#.. ..# #...
#...... #.## ....##
.. #y.#


You could see a hornet and 2 killer bees.

Vanquished Creatures
  Pikel (D:6)
  Maggie (D:7)
  A steam dragon (D:6)
  Menkaure (D:7)
  Duvessa (D:5)
  2 orc warriors (D:7)
  An ice beast (D:6)
  A black bear (D:6)
  3 ogres
  2 centaurs (D:7)
  A lemure (D:6)
  3 kobold brigands
  2 bullfrogs (D:7)
  4 scorpions
  4 wights (D:7)
  Dowan (D:5)
  4 killer bees (D:8)
  An electric eel (D:6)
  6 howler monkeys
  2 jellies
  3 orc priests
  3 hounds
  2 sleepcaps (D:5)
  Jessica (D:3)
  Terence (D:3)
  2 iguanas
  6 orc wizards
  12 gnolls
  8 adders
  2 shadow imps (D:5)
  An ufetubus (D:5)
  A worm (D:3)
  3 dart slugs
  24 orcs
  11 ball pythons
  12 endoplasms
  2 giant cockroaches
  5 goblins
  8 hobgoblins
  2 jackals (D:1)
  18 kobolds
  7 quokkas
  7 bats
  2 frilled lizards (D:1)
  3 rats
188 creatures vanquished.

Notes
Turn   | Place    | Note
-------+----------+-------------------------------------------
     0 | D:1      | lonewolfV2 the Troll Gladiator began the quest for the Orb.
     0 | D:1      | Reached XP level 1. HP: 19/19 MP: 0/0
    77 | D:1      | Reached XP level 2. HP: 27/27 MP: 1/1
   343 | D:1      | Reached XP level 3. HP: 35/35 MP: 2/2
   563 | D:2      | Found Lucvid's General Store.
   726 | D:2      | Found Xyguczesk's Assorted Antiques.
   932 | D:2      | Reached XP level 4. HP: 32/42 MP: 3/3
  1484 | D:3      | Reached skill level 4 in Unarmed Combat
  1541 | D:3      | Found a shimmering blue altar of Sif Muna.
  1789 | D:3      | Reached XP level 5. HP: 49/49 MP: 4/4
  1974 | D:3      | Noticed Terence
  1981 | D:3      | Killed Terence
  2110 | D:3      | Noticed Jessica
  2117 | D:3      | Killed Jessica
  2438 | D:3      | Found Nughelyth's Assorted Antiques.
  2568 | D:4      | Found an ornate altar of the Wu Jian Council.
  2572 | D:4      | Found an opulent altar of Gozag.
  2572 | D:4      | Found an iron altar of Okawaru.
  2590 | D:4      | Noticed an ogre
  2598 | D:4      | Killed an ogre
  2599 | D:4      | Reached skill level 5 in Unarmed Combat
  2599 | D:4      | Reached XP level 6. HP: 54/58 MP: 5/5
  2931 | D:4      | Found a staircase to the Ecumenical Temple.
  2969 | Temple   | Entered the Ecumenical Temple
  2969 | Temple   | Found a transporter.
  2969 | Temple   | Found a transporter.
  2971 | Temple   | Found a transporter.
  2971 | Temple   | Found a transporter.
  3034 | Temple   | Became a worshipper of Qazlal Stormbringer
  3322 | D:5      | Entered Level 5 of the Dungeon
  3331 | D:5      | Found a basalt altar of Yredelemnul.
  3357 | D:5      | Reached skill level 1 in Stealth
  3357 | D:5      | Reached skill level 6 in Unarmed Combat
  3398 | D:5      | Reached XP level 7. HP: 66/66 MP: 6/6
  3429 | D:5      | Reached * piety under Qazlal
  3899 | D:5      | Identified the +3 hand axe of Compulsion {drain, rF+ Will+
                  | Str-3}
  3961 | D:5      | Noticed Duvessa
  3963 | D:5      | Noticed Dowan
  3971 | D:5      | Killed Duvessa
  3972 | D:5      | Reached skill level 7 in Unarmed Combat
  3981 | D:5      | Killed Dowan
  4117 | D:5      | Found a burning altar of Makhleb.
  4117 | D:5      | Noticed a balrug
  4121 | D:5      | Noticed a hellwing
  4121 | D:5      | Noticed a ynoxinul
  4229 | D:5      | Reached XP level 8. HP: 43/74 MP: 7/7
  4512 | D:6      | Identified the +2 robe "Juzuirch" {rElec rF+ rCorr}
  4673 | D:6      | Reached skill level 8 in Unarmed Combat
  4822 | D:6      | Noticed Pikel
  4836 | D:6      | Killed Pikel
  4837 | D:6      | Reached skill level 5 in Dodging
  4837 | D:6      | Reached skill level 9 in Unarmed Combat
  4870 | D:6      | Reached XP level 9. HP: 81/81 MP: 8/8
  5044 | D:6      | Found a glowing silver altar of Zin.
  5580 | D:7      | Reached skill level 1 in Shields
  5630 | D:7      | Found a shimmering altar of Xom.
  5630 | D:7      | Found a shimmering altar of Xom.
  5632 | D:7      | Found a shimmering altar of Xom.
  5633 | D:7      | Found a shimmering altar of Xom.
  5634 | D:7      | Found a shimmering altar of Xom.
  5686 | D:7      | Reached skill level 10 in Unarmed Combat
  5692 | D:7      | Reached ** piety under Qazlal
  5757 | D:7      | Found a radiant altar of Vehumet.
  6005 | D:7      | Noticed Maggie
  6007 | D:7      | Noticed Menkaure
  6014 | D:7      | Killed Maggie
  6019 | D:7      | Killed Menkaure
  6020 | D:7      | Reached skill level 11 in Unarmed Combat
  6399 | D:8      | Reached XP level 10. HP: 84/92 MP: 9/9
  6411 | D:8      | HP: 3/92 [hornet (14)]
  6411 | D:8      | Paralysed by a hornet for 2 turns
  6412 | D:8      | Slain by a killer bee

Illustrated notes

Levels and vault maps discovered:
D:1:      mainiacjoe_arrival_reflecting_pool, layout_rooms
D:2:      layout_basic, serial_shops, shop, nicolae_shop_back_alley_shop
D:3:      layout_basic, nicolae_overflow_crystal_walls, serial_shops,
          nicolae_shop_back_alley_shop, minmay_misc_feat_iff, uniq_terence,
          uniq_jessica
D:4:      layout_basic, grunt_temple_overflow_open, minmay_temple_entry_tees
D:5:      layout_loops_ring, makhleb_altar_promises_db, amcnicky_altar_gilded,
          uniq_duvessa
D:6:      layout_layer_cave, zin_statuary, water_boxes_lemuel, uniq_pikel
D:7:      layout_basic, mainiacjoe_overflow_small_starburst, xom_shifter_show,
          uniq_menkaure, uniq_maggie
D:8:      layout_loops_ring, nzn_hepliaklqana_mist_gate, uniq_erica
Temple:   hellmonk_temple_divided_pantheon

Skill      XL: |  1  2  3  4  5  6  7  8  9 |
---------------+----------------------------+-----
Fighting       | 2 3 |  3.8
Throwing       | 2 |  2.0
Dodging        | 3 4 5 6 |  6.4
Unarmed Combat | 4 5 6 7 9 11 | 11.1
Stealth        | 1 2 |  2.4
Shields        | 1 |  1.6
Invocations    | |  0.8

Action                     |  1- 3 |  4- 6 |  7- 9 | 10-12 || total
---------------------------+-------+-------+-------+-------++-------
  Melee: Unarmed           |   113 |   168 |   257 |    11 ||   549
         Punch             |     1 |     9 |     9 |     1 ||    20
 Invoke: Upheaval          |       |       |     1 |     1 ||     2
    Use: Scroll            |     1 |     9 |     8 |       ||    18
         Potion            |       |       |       |     1 ||     1
   Stab: Sleeping          |       |     1 |       |       ||     1
 Armour: Robe              |    45 |    49 |    74 |     9 ||   177
  Dodge: Dodged            |    92 |    90 |   141 |    27 ||   350
  Block: Other             |       |       |    14 |     7 ||    21
